Map: Odyssey LE

Players

Pain

  • Race: Terran Terran
  • Spawn Location: 11:00

A.I. 1 (Medium) - Winner!

  • Race: Protoss Protoss
  • Spawn Location: 5:00

VOD

Have the link to the VOD?

Description

Time

  • Played on: Sept. 5, 2017, 9:36 p.m.
  • Length: 11:16
Show
View Real Time Build Order
Export as new Build Order

Pain Terran 

Build Orders:  

Get SALT Encoding   

  12  0:19  Supply Depot  
  12  0:22  SCV  
  13  0:34  SCV  
  14  0:41  Engineering Bay  
  14  0:48  Barracks  
  14  1:02  Supply Depot  
  14  1:09  Refinery  
  14  1:12  SCV  
  15  1:24  SCV  
  16  2:00  Supply Depot  
  16  2:07  Supply Depot  
  16  2:40  Bunker  
  16  2:48  Missile Turret  
  16  2:54  Barracks Reactor  
  16  2:58  Terran Infantry Weapons Level 1  
  16  3:12  Supply Depot  
  16  3:22  Barracks  
  16  3:45  Marine x2  
  18  3:48  Missile Turret  
  18  3:57  SCV  
  19  4:03  Marine x2  
  19  4:09  SCV  
  22  4:21  Marine x2  
  24  4:24  Factory  
  24  4:38  Marine  
  24  4:39  Marine  
  24  4:45  Barracks Reactor  
  26  4:52  Terran Infantry Armor Level 1  
  26  4:56  Marine x2  
  28  5:06  Supply Depot  
  28  5:10  Refinery  
  28  5:11  SCV  
  29  5:14  Marine x2  
  31  5:24  SCV  
  31  5:27  Marine x2  
  34  5:32  Marine x2  
  36  5:41  Hellion  
  38  5:59  SCV  
  38  6:02  Hellion  
  41  6:23  Hellion  
  41  6:46  Hellion  
  43  6:49  Marine x2  
  43  6:50  Marine x2  
  47  7:04  Armory  
  47  7:08  Hellion  
  49  7:29  Hellion  
  51  7:46  Marine x2  
  51  7:50  Hellion  
  55  7:51  Supply Depot  
  55  7:57  Terran Vehicle Weapons Level 1  
  55  8:04  Marine  
  54  8:12  Hellion  
  36  8:33  Hellion  
  38  8:54  Hellion  
  31  9:47  Factory Reactor, Command Center  
  31  9:56  Supply Depot  
  31  10:19  Starport  
  24  10:53  Marine x2  
  24  10:56  Marine  
  24  10:57  Marine  
Show
View Real Time Build Order
Export as new Build Order

A.I. 1 (Medium) Protoss - Winner!

Build Orders:  

Get SALT Encoding   

  12  0:01  Probe (Chrono Boost)  
  13  0:11  Probe (Chrono Boost)  
  14  0:20  Pylon  
  14  0:22  Probe (Chrono Boost)  
  15  0:38  Probe (Chrono Boost)  
  16  0:47  Assimilator  
  16  0:48  Probe (Chrono Boost)  
  17  0:50  Gateway  
  17  0:59  Probe (Chrono Boost)  
  17  1:01  Pylon  
  18  1:27  Gateway  
  18  1:32  Assimilator  
  18  1:35  Zealot  
  20  1:41  Cybernetics Core  
  20  1:59  Zealot  
  20  2:06  Pylon  
  22  2:11  Warp Gate  
  22  2:17  Stalker  
  24  2:32  Stalker  
  24  2:35  Probe (Chrono Boost)  
  27  2:47  Stalker, Probe (Chrono Boost)  
  30  2:52  Pylon  
  31  2:59  Probe (Chrono Boost)  
  31  3:03  Stalker  
  33  3:09  Forge  
  33  3:11  Probe (Chrono Boost)  
  34  3:23  Probe (Chrono Boost)  
  36  3:34  Probe (Chrono Boost)  
  36  5:28  Sentry  
  36  5:31  Probe (Chrono Boost)  
  36  5:35  Pylon  
  39  5:36  Nexus, Photon Cannon  
  39  5:37  Photon Cannon  
  39  5:39  Robotics Facility  
  39  5:41  Adept  
  39  5:42  Stargate  
  41  5:46  Twilight Council  
  41  5:49  Gateway  
  41  5:53  Probe (Chrono Boost), Forge  
  41  5:54  Stalker  
  41  5:55  Pylon  
  44  6:07  Sentry  
  44  6:20  Adept  
  36  6:28  Observer  
  37  6:33  Stalker  
  39  6:45  Zealot  
  41  6:47  Observer  
  41  6:50  Probe (Chrono Boost)  
  41  6:53  Probe (Chrono Boost)  
  44  6:57  Assimilator  
  44  6:58  Zealot, Pylon  
  44  7:00  Pylon  
  44  7:01  Probe (Chrono Boost)  
  47  7:05  Probe (Chrono Boost)  
  48  7:11  Stalker, Probe (Chrono Boost)  
  52  7:16  Probe (Chrono Boost)  
  52  7:21  Photon Cannon  
  53  7:23  Probe (Chrono Boost)  
  53  7:24  Stalker, Photon Cannon  
  53  7:26  Probe (Chrono Boost)  
  56  7:34  Probe (Chrono Boost)  
  58  7:37  Stalker, Probe (Chrono Boost)  
  60  7:45  Probe (Chrono Boost)  
  60  7:48  Probe (Chrono Boost)  
  62  7:56  Probe (Chrono Boost)  
  63  7:59  Probe (Chrono Boost)  
  64  8:07  Probe (Chrono Boost)  
  64  8:10  Zealot, Probe (Chrono Boost)  
  66  8:18  Probe (Chrono Boost)  
  63  8:22  Probe (Chrono Boost)  
  63  8:23  Zealot  
  66  8:29  Probe (Chrono Boost)  
  67  8:36  Adept  
  69  8:56  Assimilator  
  69  9:57  Immortal  
  73  10:02  Gateway  
  73  10:06  Robotics Bay  
  73  10:07  Zealot  
  73  10:10  Robotics Facility, Nexus  
  75  10:15  Pylon  
  75  10:20  Templar Archives  
  75  10:22  Dark Shrine  
  75  10:25  Fleet Beacon  
  75  10:28  Stargate  
  75  10:34  Warp Prism  
  69  10:37  Zealot  
  69  10:46  Zealot  
  68  10:55  Stalker  
Tags
 
Matchup
PvT
Replay Pack
RP
Spawn Locations
Cross Positions
Add a new tag
Caveats
  • Supply blocks, unpowered buildings, or Contaminate may cause inaccurate times.
  • Supply counts are checked every 10 seconds.